Workbook

Sheet 汇总表 
A1: 附表1
A2: 2020年兵团残联预算汇总表（不含非税收入）
A4: 序 号 | B4: 单位名称 | C4: 单位 性质 | D4: 主管业务处室 | E4: 2020年预算安排数 | R4: 备注
E5: 财政 拨款 合计 | F5: 基本支出 | K5: 项目支出
F6: 基本 支出 合计 | G6: 人员经费 | J6: 公用经费 | K6: 合计 | L6: 财政拨款（一般财力） | Q6: 中央财政提前下达
G7: 小计 | H7: 在职人员 经费 | I7: 离退休 经费 | L7: 小计 | M7: 部门专项 业务费 | N7: “访惠聚” 工作经费 | O7: 援疆干部工作经费 | P7: “民族团结一家 亲”经费
A8: 64 | B8: 航空企业管理局 | C8: 差额 | D8: 经建处 | E8: =F8+M8 -> 0 | F8: =G8+J8 -> 0 | G8: =SUM(H8:I8) -> 0 | J8: =[1]公用经费压减表!M197 -> 0 | K8: =L8+Q8 -> 0 | L8: =SUM(M8:P8) -> 0
A9: 1 | B9: 兵团残联 | D9: 社保处 | E9: =SUM(E10:E12) -> 512.3254 | F9: =SUM(F10:F12) -> 414.1854 | G9: =SUM(G10:G12) -> 341.56 | H9: =SUM(H10:H12) -> 323.91 | I9: =SUM(I10:I12) -> 17.65 | J9: =SUM(J10:J12) -> 72.6254 | K9: =SUM(K10:K12) -> 98.14 | L9: =SUM(L10:L12) -> 98.14 | ... R9: =SUM(R10:R12) -> 0
A10: (1) | B10: 兵团残联本级 | C10: 群众团体 | D10: 社保处 | E10: =F10+K10 -> 259.0804 | F10: =G10+J10 -> 225.0804 | G10: =SUM(H10:I10) -> 185.16 | H10: 174.16 | I10: 11 | J10: =[1]公用经费压减表!M229 -> 39.9204 | K10: =L10+Q10 -> 34 | L10: =SUM(M10:P10) -> 34 | M10: =[1]项目支出明细表!C635 -> 17.8 | N10: 3 | P10: 13.2
A11: (2) | B11: 残疾人就业服务指导中心 | C11: 全额 | D11: 社保处 | E11: =F11+K11 -> 201.161 | F11: =G11+J11 -> 147.001 | G11: =SUM(H11:I11) -> 121 | H11: 115.3 | I11: 5.7 | J11: =[1]公用经费压减表!M230 -> 26.001 | K11: =L11+Q11 -> 54.16 | L11: =SUM(M11:P11) -> 54.16 | M11: =[1]项目支出明细表!C637 -> 40.9 | N11: 6 | P11: 7.26
A12: (3) | B12: 残疾人辅助器具资源中心 | C12: 全额 | D12: 社保处 | E12: =F12+K12 -> 52.084 | F12: =G12+J12 -> 42.104 | G12: =SUM(H12:I12) -> 35.4 | H12: 34.45 | I12: 0.95 | J12: =[1]公用经费压减表!M231 -> 6.704 | K12: =L12+Q12 -> 9.98 | L12: =SUM(M12:P12) -> 9.98 | M12: =[1]项目支出明细表!C640 -> 8 | P12: 1.98
A13: 兵团本级预留 | E13: =F13+M13 -> #REF! | F13: =G13+#REF! -> #REF! | G13: =SUM(H13:I13) -> 0 | H13: 0 | I13: 0 | J13: =[1]公用经费压减表!M240 -> 0 | K13: =L13+Q13 -> 0

Sheet 项目支出明细表
A1: 附表2
A2: 2020年兵团残联部门项目支出明细表（不含非税收入）
F3: 单位：万元
A4: 序号 | B4: 单位、项目名称 | C4: 合计 | D4: 财政拨款 （一般财力） | E4: 中央提前 下达 | F4: 备注
A5: 1 | B5: 兵团残联 | C5: =C6+C10+C15 -> 98.14 | D5: =D6+D10+D15 -> 98.14 | E5: =E6+E10+E15 -> 0 | F5: =F6+F10+F15 -> 0
A6: （1） | B6: 残联本级 | C6: =SUM(C7:C9) -> 34 | D6: =SUM(D7:D9) -> 34 | E6: =SUM(E7:E9) -> 0 | F6: =SUM(F7) -> 0
B7: 残疾人事业项目 | C7: =SUM(D7:E7) -> 17.8 | D7: 17.8
B8: “访惠聚”工作经费 | C8: =SUM(D8:E8) -> 3 | D8: 3
B9: “民族团结一家亲”经费 | C9: =SUM(D9:E9) -> 13.2 | D9: 13.2
A10: （2） | B10: 兵团残联就业服务指导中心 | C10: =SUM(C11:C14) -> 54.16 | D10: =SUM(D11:D14) -> 54.16 | E10: =SUM(E11:E14) -> 0 | F10: =SUM(F11:F12) -> 0
B11: 办公楼运转补助 | C11: =SUM(D11:E11) -> 24.82 | D11: 24.82
B12: 政府购买服务 | C12: =SUM(D12:E12) -> 16.08 | D12: 16.08
B13: “访惠聚”工作经费 | C13: =SUM(D13:E13) -> 6 | D13: 6
B14: “民族团结一家亲”经费 | C14: =SUM(D14:E14) -> 7.26 | D14: 7.26
A15: （3） | B15: 兵团残疾人辅助中心 | C15: =SUM(C16:C17) -> 9.98 | D15: =SUM(D16:D17) -> 9.98 | E15: =SUM(E16:E17) -> 0 | F15: =SUM(F16) -> 0
B16: 专项业务费 | C16: =SUM(D16:E16) -> 8 | D16: 8
B17: “民族团结一家亲”经费 | C17: =SUM(D17:E17) -> 1.98 | D17: 1.98
